 Dungeon Crawl Stone Soup version 0.31.0-11-ge490571c62 (webtiles) character file.

Game seed: 14093211440121819883

53 Gadfly the Ruffian (level 3, -1/26 HPs)
             Began as a Demonspawn Shapeshifter on Jan 27, 2024.
             Killed by divine providence
             ... invoked by an orc priest
              (15 damage)
             ... on level 3 of the Dungeon.
             The game lasted 00:01:40 (1712 turns).

Gadfly the Ruffian (Demonspawn Shapeshifter)        Turns: 1712, Time: 00:01:41

Health: -1/26      AC:  2    Str: 16    XL:     3   Next: 62%
Magic:  3/3        EV: 12    Int: 10    God:
Gold:   47         SH:  0    Dex: 12    Spells: 2/2 levels left

rFire   . .          .
                       - Unarmed
rCold   . . .        (no shield)
rNeg    . . .        a - +0 animal skin
rPois   +            (helmet currently unavailable)
rElec   .            m - melded scarf {rC+ rF+}
rCorr   .            (gloves currently unavailable)
SInv    .            (boots currently unavailable)
Will    .....        (no amulet)
Stlth   +            i - ring of poison resistance
HPRegen 0.24/turn    (no ring)
MPRegen 0.08/turn

%: no passive effects
@: beast-form
A: beast (slay +1), powered by pain 1, demonic touch 1
a: Begin Untransformation


You were on level 3 of the Dungeon.
You were a hulking beast.
You visited 1 branch of the dungeon, and saw 3 of its levels.

You collected 47 gold pieces.

Inventory:

Hand Weapons
 r - a +3 dagger
Armour
 a - a +0 animal skin (worn)
 m - a scarf of resistance (melded)
Jewellery
 i - a ring of poison resistance (left hand)
 q - an amulet of the acrobat
Talismans
 c - a beast talisman (active)
 d - a flux talisman
Scrolls
 e - a scroll of identify
 f - a scroll of fog
 n - 2 scrolls of teleportation
Potions
 b - a potion of lignification
 g - a potion of attraction
 j - 2 potions of curing
 l - a potion of haste


   Skills:
 + Level 1.6 Fighting
 * Level 2.4 Dodging
 + Level 2.9 Unarmed Combat
 * Level 1.5 Evocations
 + Level 2.8 Shapeshifting


You had 2 spell levels left.
You didn't know any spells.
Your spell library contained the following spells:

 Spells                   Type           Power      Damage    Failure   Level
 Dazzling Flash           Conj/Hex       0%         N/A       75%         3
 Volatile Blastmotes      Fire/Tloc      0%         2d10      75%         3
 Starburst                Conj/Fire      0%         6d3       100%        6
 Maxwell's Capacitive Co  Air            0%         ∞         100%        8


Dungeon Overview and Level Annotations

Branches:
Dungeon (3/15)

Altars:

Annotations:
D:3 Grinder


Innate Abilities, Weirdness & Mutations

You are a hulking beast.
Your limbs bulge with bestial killing power. (Slay +1)
You sometimes gain a little power by taking damage.
Your touch may inflict minor irresistible damage on your foes.


Message History

Grinder says, "Wait up."
You closely miss the jackal. Your punch misses the jackal.
The jackal bites you.
An orc comes into view.
It is wielding a +2 war axe of electrocution.
An orc comes into view. It is wielding a +0 short sword.
The orc shouts! x2
You hit the jackal.
You kill the jackal!
You hear a shout! x2
Found 14 gold pieces.
The orc misses you. Grinder gestures at you.
You resist with significant effort.
You hit the orc.
The orc is lightly wounded.
The orc hits you with a +2 war axe of electrocution.
You hit the orc.
The orc is moderately wounded.
The orc closely misses you. The orc barely misses you.
You punch the orc!
You kill the orc!
An orc priest comes into view. It is wielding a +0 dagger.
The orc misses you.
You barely miss Grinder. Your touch misses Grinder. Grinder hits you.
You writhe in agony.
The orc closely misses you.
You are too injured to fight recklessly!
You are too injured to fight recklessly!
You are too injured to fight recklessly!
You are too injured to fight recklessly!
You are too injured to fight recklessly!
You are too injured to fight recklessly!
You are too injured to fight recklessly!
Unknown command.
Grinder attacks as she pursues you! Grinder closely misses you.
The orc attacks as it pursues you! The orc misses you.
An orc comes into view. It is wielding a +0 dagger.
Grinder attacks as she pursues you! Grinder closely misses you.
The orc priest mumbles some strange prayers to Beogh against you.
Beogh smites you!
Ouch! That really hurt!
You die...

#####.#.....#
......#.#.#.#
#.........#.#
#.....#.....##
#.....#.#.#..#####
......#.#.#......#
#.....#.#.#.####.#
..#...#.#.#.# #.#
#.#####.#.#.# #h# #.
#.#.#.####.##
#.#.#.#...5o#
#.#.#.#.....#
#.#.#.....o...... ###
#.# #...$.o...$## ..#
#.# ....[........#
#.#####.# .............#
.....##.#..............#


You could see Grinder, an orc priest and 2 orcs.

Vanquished Creatures
  2 adders (D:2)
  2 dart slugs (D:1)
  An orc (D:3)
  3 endoplasms
  A giant cockroach (D:2)
  4 goblins
  2 hobgoblins (D:2)
  A jackal (D:3)
  A quokka (D:1)
  2 ball pythons
  2 bats
  2 frilled lizards (D:2)
  3 kobolds
  3 rats (D:2)
29 creatures vanquished.

Notes
Turn   | Place    | Note
-------+----------+-------------------------------------------
     0 | D:1      | Gadfly the Demonspawn Shapeshifter began the quest for the
                  | Orb.
     0 | D:1      | Reached XP level 1. HP: 15/15 MP: 1/1
   272 | D:1      | Gained mutation: Your touch may inflict minor irresistible
                  | damage on your foes. [demonic ancestry]
   272 | D:1      | Reached XP level 2. HP: 10/21 MP: 2/2
   739 | D:2      | Reached skill level 1 in Evocations
   919 | D:2      | Gained mutation: You sometimes gain a little power by
                  | taking damage. [demonic ancestry]
   919 | D:2      | Reached XP level 3. HP: 21/26 MP: 3/3
  1700 | D:3      | Noticed Grinder
  1712 | D:3      | Killed from afar by an orc priest

Illustrated notes

Levels and vault maps discovered:
D:1:      dpeg_arrival_radiant, layout_rooms
D:2:      minmay_general_purpose_star, layout_loops_ring
D:3:      layout_basic, mainiacjoe_overflow_alcove_1, uniq_natasha,
          uniq_jessica, uniq_grinder

Skill      XL: |  1  2 |
---------------+-------+-----
Dodging        | 2 |  2.4
Evocations     | 1 |  1.5
Fighting       | |  1.6
Unarmed Combat | |  2.9
Shapeshifting  | |  2.8

Action                     || total
---------------------------++-------
  Melee: Unarmed           ||    78
         Touch             ||     4
         Punch             ||     2
Ability: Begin Untransform ||     1
    Use: Scroll            ||    11
 Armour: Animal skin       ||    39
  Dodge: Dodged            ||    44
   Form: Beast             ||     1
